 Dungeon Crawl Stone Soup version 0.28.0-53-g5a82cb258f (webtiles) character file.

Game seed: 10069827433721789351

30844 funkygono the Protected (level 13, 0/122 HPs)
             Began as a Minotaur Berserker on June 25, 2022.
             Was a Priest of Trog.
             Slain by a cane toad (14 damage)
             ... on level 4 of the Lair of Beasts on June 26, 2022.
             The game lasted 00:38:52 (13780 turns).

funkygono the Protected (Minotaur Berserker)       Turns: 13780, Time: 00:38:53

Health: 0/122      AC: 20    Str: 27    XL:     13   Next: 22%
Magic:  16/16      EV: 13    Int:  7    God:    Trog [***...]
Gold:   1113       SH:  0    Dex: 16    Spells: 12/12 levels left

rFire   . . .      SeeInvis .   w - +2 flail (holy)
rCold   + . .      Faith    .   (no shield)
rNeg    . . .      Spirit   .   L - +2 chain mail {Will+}
rPois   .          Reflect  .   (helmet restricted)
rElec   +          Harm     .   (no cloak)
rCorr   .          Rampage  .   P - +1 pair of gloves of Zoegoun {rElec Int+3}
Will    +++..                   S - +1 pair of boots
Stlth   ..........              g - amulet of regeneration
HPRegen 2.10/turn               A - +6 ring of dexterity
MPRegen 0.15/turn               M - ring of protection from cold

@: strong-willed, regenerating
A: horns 2, retaliatory headbutt
a: Renounce Religion, Berserk, Trog's Hand


You were on level 4 of the Lair of Beasts.
You worshipped Trog.
Trog was most pleased with you.
You visited 2 branches of the dungeon, and saw 16 of its levels.
You also visited: Ossuary.

You collected 1113 gold pieces.

Inventory:

Hand Weapons
 c - a +1 long sword
 w - a +2 flail of holy wrath (weapon)
 K - a +1 falchion of freezing
 Q - a +1 whip of flaming
Missiles
 o - 6 atropa-tipped darts
 r - 10 poisoned darts
 s - 6 javelins (quivered)
 F - 89 bolts
 G - 14 boomerangs
Armour
 e - a +1 pair of gloves
 L - a +2 chain mail of willpower (worn)
 N - a +0 plate armour
 P - the +1 pair of gloves of Zoegoun (worn) {rElec Int+3}
   (You found it on level 2 of the Lair of Beasts)

   Int:       It affects your intelligence (+3).
   rElec:     It insulates you from electricity.
 S - a +1 pair of boots (worn)
Jewellery
 g - an amulet of regeneration (around neck)
 A - a +6 ring of dexterity (left hand)
 M - a ring of protection from cold (right hand)
 O - a ring of flight
Wands
 n - a wand of mindburst (16)
 u - a wand of flame (14)
 x - a wand of polymorph (4)
 y - a wand of charming (5)
 D - a wand of iceblast (7)
 H - a wand of paralysis (5)
 I - a wand of acid (1)
Scrolls
 d - 2 scrolls of fog
 f - 13 scrolls of teleportation
 p - a scroll of holy word
 t - 3 scrolls of blinking
 J - 3 scrolls of fear
 R - a scroll of enchant weapon
Potions
 a - a potion of magic {unknown}
 b - a potion of ambrosia {unknown}
 h - a potion of degeneration {unknown}
 i - 7 potions of attraction
 k - 3 potions of heal wounds
 l - 3 potions of cancellation
 m - 6 potions of haste
 q - 6 potions of curing
 v - 2 potions of mutation {unknown}
 z - 3 potions of flight
 B - a potion of berserk rage {unknown}
 C - 2 potions of invisibility {unknown}
 E - 2 potions of might {unknown}
Miscellaneous
 j - a lightning rod (4/4)


   Skills:
 + Level 13.1 Fighting
 + Level 6.4(10.5) Short Blades
 + Level 13.9(14.5) Long Blades
 + Level 2.5 Maces & Flails
 + Level 14.3 Armour
 + Level 7.8 Dodging
 + Level 1.5 Stealth
 + Level 6.0 Invocations
 + Level 3.2 Evocations


You had 12 spell levels left.
You didn't know any spells.
Your spell library was empty.

Dungeon Overview and Level Annotations

Branches:
Dungeon (12/15)            Temple (0/1) D:7            Lair (4/6) D:11
    Orc (0/2) D:9         Ossuary (visited)
  Swamp: Lair:2-4    Shoals: Lair:2-4     Snake: Lair:2-4    Spider: Lair:2-4

Altars:
Ashenzari
Dithmenos
Hepliaklqana
Makhleb
Beogh

Shops:
D:2 (   D:4 *   D:6 *


Innate Abilities, Weirdness & Mutations

You have a pair of horns on your head.
You reflexively headbutt those who attack you in melee.


Message History

The cane toad is heavily wounded.
* * * LOW HITPOINT WARNING * * *
You feel extremely sick. The cane toad closely misses you.
The cane toad stings you!
* * * LOW HITPOINT WARNING * * *
The cane toad closely misses you.
The cane toad stings you but does no damage.
You feel much better.
You feel extremely sick. The cane toad completely misses you.
You furiously retaliate!
You headbutt the cane toad, but do no damage.
The cane toad stings you but does no damage.
You feel better.
The cane toad stings you but does no damage.
The cane toad stings you!
* * * LOW HITPOINT WARNING * * *
You are poisoned.
The cane toad poisons you!
You feel very sick.
The cane toad stings you but does no damage.
There is a stone staircase leading up, spattered with blood here.
You see here a water moccasin corpse.
Unknown command.
Your skin crawls.
You feel strong-willed.
You feel very sick. The cane toad barely misses you.
The cane toad stings you but does no damage.
The cane toad closely misses you. You furiously retaliate!
You headbutt the cane toad, but do no damage.
The cane toad stings you but does no damage.
You feel better. The cane toad stings you!
* * * LOW HITPOINT WARNING * * *
The cane toad completely misses you.
Unknown command.
You sock the cane toad!
The cane toad is severely wounded.
The cane toad barely misses you. You furiously retaliate!
You headbutt the cane toad! The cane toad stings you!
You die...

...........##
............###
...............
...............
.............
....[.../#
#......#
#.FF..# ###@†.#
#...# ..
#†...≈# ...
#..P##≈.. ...
#...P. ≈≈ $..
#....≈. ≈ ...
#...≈≈≈.≈ ...
#...#≈≈≈. ...
......... ...


You could see 2 cane toads.

Vanquished Creatures
  A fire dragon (D:12)
  Fannar (Lair:2)
  2 boulder beetles
  2 hydras (Lair:3)
  4 two-headed ogres
  Urug (D:12)
  Pikel (D:4)
  A manticore (D:12)
  2 black mambas
  5 cane toads
  An unseen horror (D:12)
  A kobold demonologist (D:12)
  A rime drake (Lair:1)
  3 komodo dragons
  The ghost of diceflayer the Skirmisher, an amateur MiFi (D:4)
  2 trolls
  2 hornets (D:10)
  13 blink frogs
  A jumping spider (Lair:4)
  A wraith (D:9)
  Sigmund (D:2)
  28 yaks
  2 shadows
  A wyvern (Lair:2)
  4 basilisks
  A steam dragon (D:9)
  10 vampire mosquitoes (D:12)
  2 acid dragons
  12 water moccasins
  3 sky beasts
  2 hornet zombies
  2 ice beasts
  5 black bears
  6 orc warriors
  2 necrophages
  7 wolves
  An ogre (D:4)
  12 centaurs
  A kobold brigand (D:6)
  14 bullfrogs
  3 scorpions (D:7)
  5 water moccasin zombies
  A wyvern skeleton (D:7)
  A water moccasin skeleton (D:7)
  25 killer bees
  6 wights
  5 howler monkeys
  2 centaur zombies
  3 quasits (D:4)
  3 bullfrog zombies
  8 orc priests
  A gnoll shaman (D:9)
  A centaur skeleton (D:7)
  3 hounds
  A jelly (D:8)
  Terence (D:2)
  An iguana (D:5)
  11 orc wizards
  2 killer bee zombies
  A hound skeleton (D:4)
  3 mummies
  A howler monkey zombie (D:11)
  11 adders
  8 gnolls
  A white imp (D:5)
  An ufetubus (D:6)
  An adder skeleton (D:4)
  4 adder zombies (Ossuary)
  2 worms
  3 dart slugs
  39 orcs
  2 bats (D:2)
  2 endoplasms (D:1)
  3 giant cockroaches
  3 gnoll zombies (Ossuary)
  6 goblins
  6 hobgoblins
  4 jackals (D:4)
  10 kobolds
  2 ball pythons
  5 frilled lizards
  6 hobgoblin zombies (Ossuary)
  3 kobold zombies (Ossuary)
  6 orc zombies (Ossuary)
  4 rats
  A spectral goblin (D:11)
383 creatures vanquished.

Vanquished Creatures (collateral kills)
  A yak (D:12)
  A centaur (D:12)
2 creatures vanquished.

Vanquished Creatures (others)
  An orc priest (D:11)
  An orc wizard (D:8)
  6 fungi
  5 plants
13 creatures vanquished.

Grand Total: 398 creatures vanquished

Notes
Turn   | Place    | Note
-------+----------+-------------------------------------------
     0 | D:1      | funkygono the Minotaur Berserker began the quest for the
                  | Orb.
     0 | D:1      | Reached XP level 1. HP: 19/19 MP: 0/0
   222 | D:1      | Reached XP level 2. HP: 27/27 MP: 1/1
   371 | D:1      | Found a faded altar of an unknown god.
   941 | D:2      | Reached XP level 3. HP: 33/33 MP: 2/2
   968 | D:2      | Noticed Terence
   974 | D:2      | Noticed Sigmund
   976 | D:2      | Killed Terence
  1117 | D:2      | Reached XP level 4. HP: 38/41 MP: 3/3
  1123 | D:2      | Killed Sigmund
  1124 | D:2      | Reached skill level 5 in Fighting
  1124 | D:2      | Reached XP level 5. HP: 48/48 MP: 4/4
  1138 | D:2      | Reached ** piety under Trog
  1384 | D:2      | Found a broken altar of Ashenzari.
  1440 | D:2      | Found Dinony's Antique Weapon Boutique.
  1702 | D:3      | Reached skill level 3 in Armour
  1706 | D:3      | Reached XP level 6. HP: 56/56 MP: 5/5
  2679 | D:4      | Found a transporter.
  2682 | D:4      | Found Sangaiph's General Store.
  2698 | D:4      | Reached skill level 4 in Armour
  2724 | D:4      | Noticed diceflayer's ghost (amateur MiFi)
  2741 | D:4      | Found a transporter.
  2842 | D:4      | Noticed Pikel
  2859 | D:4      | Reached XP level 7. HP: 62/62 MP: 6/6
  2863 | D:4      | Killed Pikel
  2864 | D:4      | Reached skill level 6 in Armour
  2892 | D:4      | Reached XP level 8. HP: 51/71 MP: 7/7
  3185 | D:4      | Killed diceflayer's ghost
  3186 | D:4      | Reached skill level 7 in Armour
  3237 | D:5      | Entered Level 5 of the Dungeon
  3281 | D:5      | Noticed a troll
  3294 | D:5      | Killed a troll
  3305 | D:5      | Reached skill level 8 in Armour
  3314 | D:5      | Reached *** piety under Trog
  3368 | D:5      | Reached XP level 9. HP: 78/79 MP: 8/8
  3433 | D:5      | Found a sand-covered staircase.
  3441 | Ossuary  | Entered an ossuary
  3676 | D:5      | Found a burning altar of Makhleb.
  3676 | D:5      | Found a shadowy altar of Dithmenos.
  4566 | D:6      | Reached skill level 10 in Long Blades
  4566 | D:6      | Found Koyb's Gadget Gallery.
  4722 | D:6      | Reached skill level 9 in Armour
  4827 | D:6      | Reached **** piety under Trog
  5318 | D:6      | Reached skill level 1 in Invocations
  5319 | D:6      | Reached skill level 1 in Short Blades
  5421 | D:7      | Found a staircase to the Ecumenical Temple.
  5769 | D:7      | Reached XP level 10. HP: 77/90 MP: 10/10
  5873 | D:7      | Reached skill level 5 in Dodging
  6060 | D:8      | Reached skill level 10 in Armour
  7130 | D:9      | Noticed a two-headed ogre
  7147 | D:9      | Killed a two-headed ogre
  7148 | D:9      | Reached skill level 11 in Armour
  7321 | D:9      | Found a staircase to the Orcish Mines.
  7389 | D:9      | Reached skill level 10 in Fighting
  7713 | D:10     | Entered Level 10 of the Dungeon
  7790 | D:10     | Reached XP level 11. HP: 99/99 MP: 12/12
  8387 | D:11     | Noticed a two-headed ogre
  8389 | D:11     | Noticed a two-headed ogre
  8422 | D:10     | Killed a two-headed ogre
  8485 | D:10     | Killed a two-headed ogre
  8486 | D:10     | Reached skill level 12 in Armour
  8742 | D:11     | Found a staircase to the Lair.
  8918 | D:11     | Found a hazy altar of Hepliaklqana.
  9018 | D:11     | Noticed a two-headed ogre
  9027 | D:11     | Killed a two-headed ogre
  9353 | D:12     | Reached skill level 1 in Evocations
  9409 | D:12     | Reached skill level 1 in Stealth
  9513 | D:12     | Noticed a boulder beetle
  9519 | D:12     | Noticed a fire dragon
  9519 | D:12     | a boulder beetle changed into a fire dragon
  9536 | D:12     | Killed a fire dragon
  9760 | D:12     | Reached skill level 5 in Short Blades
  9806 | D:12     | Reached skill level 5 in Invocations
  9861 | D:12     | Noticed Urug
  9964 | D:12     | Reached XP level 12. HP: 98/110 MP: 14/14
  9974 | D:12     | Killed Urug
 10040 | D:12     | Noticed a boulder beetle
 10066 | D:12     | Killed a boulder beetle
 10072 | D:12     | Reached skill level 13 in Armour
 10387 | Lair:1   | Entered Level 1 of the Lair of Beasts
 11388 | Lair:2   | Identified the +1 pair of gloves of Zoegoun {rElec Int+3}
 11403 | Lair:2   | Noticed Fannar
 11410 | Lair:2   | Noticed a boulder beetle
 11454 | Lair:1   | Killed a boulder beetle
 11608 | Lair:2   | Killed Fannar
 12679 | Lair:3   | Reached skill level 14 in Armour
 12681 | Lair:3   | Reached skill level 1 in Maces & Flails
 12682 | Lair:3   | Reached XP level 13. HP: 119/119 MP: 16/16
 13780 | Lair:4   | Slain by a cane toad

Illustrated notes

Levels and vault maps discovered:
D:1:      sevenhm_arrival_forest_fort_small_6, layout_loops_ring,
          hellmonk_ecumenical_altar_zigzags
D:2:      layout_rooms, serial_shops, shop, basic_altar, nrook_loot_triangle,
          uniq_sigmund, uniq_terence
D:3:      layout_basic
D:4:      layout_loops_corners, gammafunk_ghost_stat_death, serial_shops,
          kennysheep_mini, uniq_pikel
D:5:      layout_basic, jmf_multi_god_temple, gup_ossuary_entry_pyramid,
          minmay_chambers_of_fives
D:6:      layout_basic, nicolae_shop_gadgets
D:7:      minmay_bubble_buster, layout_rooms, minmay_temple_entry_wispy
D:8:      layout_gridville
D:9:      layout_loops_ring, minmay_orc_entry_temple_small,
          minmay_misc_feat_columns
D:10:     layout_long_grid
D:11:     layout_cross, lair_entry_dummy, nicolae_hepliaklqana_monster_ancestors
D:12:     layout_loops_cross, uniq_urug
Lair:1:   layout_gridlike
Lair:2:   layout_small_grid, grunt_megastairs_1, uniq_fannar
Lair:3:   layout_gridlike
Lair:4:   minmay_lair_oklob_tunnel, layout_regular_city,
          minmay_swamp_entry_reptiles, spider_nest_entry_a, serial_rivers,
          chequers_serial_rivers_small_3, chequers_serial_rivers_micro_a,
          chequers_serial_rivers_marsh, chequers_serial_rivers_marsh,
          minmay_holes, uniq_josephine, uniq_nergalle

Skill      XL: |  1  2  3  4  5  6  7  8  9 10 11 12 13 |
---------------+----------------------------------------+-----
Fighting       | 4 5 6 7 8 10 11 12 13 | 13.1
Long Blades    | 4 6 8 9 10 11 12 13 | 13.9
Dodging        | 3 4 5 6 7 |  7.8
Armour         | 3 4 6 8 9 11 12 14 | 14.3
Invocations    | 2 3 5 6 |  6.0
Short Blades   | 1 3 5 6 |  6.4
Evocations     | 1 3 |  3.2
Stealth        | 1 |  1.5
Maces & Flails | 1 2 |  2.5

Action                   |  1- 3 |  4- 6 |  7- 9 | 10-12 | 13-15 || total
-------------------------+-------+-------+-------+-------+-------++-------
Melee: Long sword        |    36 |   112 |   260 |    77 |       ||   485
       Headbutt          |     3 |    14 |    42 |   182 |    27 ||   268
       Punch             |       |     2 |     3 |    22 |     2 ||    29
       Falchion          |       |       |       |   606 |    65 ||   671
       Whip              |       |       |       |    31 |       ||    31
       Flail             |       |       |       |       |    53 ||    53
Throw: Dart              |       |       |     2 |       |       ||     2
Invok: Berserk           |     4 |     4 |     6 |    17 |     1 ||    32
       Trog's Hand       |       |       |     1 |    22 |     5 ||    28
       Brothers in Arms  |       |       |       |     1 |       ||     1
Evoke: Wand              |       |       |       |    26 |       ||    26
  Use: Scroll            |     1 |     2 |    11 |    10 |     1 ||    25
       Potion            |       |       |       |     3 |     3 ||     6
 Stab: Paralysed         |       |       |       |     2 |       ||     2
Armor: Animal skin       |    12 |     6 |       |       |       ||    18
       Scale mail        |       |    46 |   109 |       |       ||   155
       Chain mail        |       |       |    32 |   326 |   132 ||   490
Dodge: Dodged            |    29 |    69 |   162 |   410 |   146 ||   816
